 Dungeon Crawl Stone Soup version 0.31-a0-1591-g515db51633 (webtiles) character file.

Game seed: 1100352423372745521

158 MisterFreud the Ruffian (level 5, -2/44 HPs)
             Began as a Draconian Shapeshifter on Jan 6, 2024.
             Slain by Crazy Yiuf
             ... wielding a +2 quarterstaff of chaos
              (6 damage)
             ... on level 3 of the Dungeon.
             The game lasted 00:02:13 (2128 turns).

MisterFreud the Ruffian (Draconian Shapeshifter)    Turns: 2128, Time: 00:02:14

Health: -2/44      AC:  5    Str: 16    XL:     5   Next: 16%
Magic:  5/5        EV: 12    Int: 11    God:
Gold:   198        SH:  0    Dex: 12    Spells: 4/4 levels left

rFire   . .          .
                       - Unarmed
rCold   . . .        (no shield)
rNeg    . . .        (body armour unavailable)
rPois   .            (helmet currently unavailable)
rElec   .            (cloak currently unavailable)
rCorr   .            (gloves currently unavailable)
SInv    .            (boots currently unavailable)
Will    .....        (no amulet)
Stlth   +            l - +4 ring of slaying
HPRegen 0.27/turn    (no ring)
MPRegen 0.09/turn

%: no passive effects
@: lethally poisoned (-2 -> -10), beast-form, slowed, very slow
A: beast (slay +2), AC +5, unfitting armour, cold-blooded
a: Begin Untransformation


You were on level 3 of the Dungeon.
You were a hulking beast.
You visited 1 branch of the dungeon, and saw 3 of its levels.

You collected 198 gold pieces.

Inventory:

Jewellery
 k - a ring of fire
 l - a +4 ring of slaying (left hand)
 n - a ring of see invisible
Talismans
 b - a beast talisman
 c - a flux talisman
Scrolls
 j - a scroll of teleportation
 p - a scroll of blinking {unknown}
Potions
 a - a potion of lignification
 d - 2 potions of resistance {unknown}
 e - 2 potions of ambrosia {unknown}
 f - a potion of curing {unknown}
 g - 4 potions of magic {unknown}
 h - a potion of invisibility {unknown}
 i - a potion of mutation {unknown}
 m - 2 potions of enlightenment {unknown}
 o - a potion of berserk rage {unknown}


   Skills:
 + Level 2.9 Fighting
 - Level 1.7 Dodging
 * Level 4.6 Unarmed Combat
 + Level 3.7 Shapeshifting


You had 4 spell levels left.
You didn't know any spells.
Your spell library contained the following spells:

 Spells                   Type           Power      Damage    Failure   Level
 Call Canine Familiar     Summ           0%         N/A       71%         3
 Sigil of Binding         Hex            0%         N/A       71%         3
 Dimensional Bullseye     Hex/Tloc       0%         N/A       98%         4


Dungeon Overview and Level Annotations

Branches:
Dungeon (3/15)

Altars:
Nemelex Xobeh
Qazlal

Shops:
D:3 ?

Annotations:
D:3 Crazy Yiuf


Innate Abilities, Weirdness & Mutations

You are a hulking beast.
Your limbs bulge with bestial killing power. (Slay +2)
Your plain brown scales are hard. (AC +5)
You cannot fit into any form of body armour.
You are cold-blooded and may be slowed by cold attacks.


Message History

You see here an adder corpse.
A bat comes into view.
The bat hits you but does no damage. The bat hits you.
A bat is nearby!
You closely miss the bat. The bat hits you but does no damage.
The bat barely misses you.
A bat is nearby!
You punch the bat!
You kill the bat!
Found a sparkling altar of Nemelex Xobeh.
No target in view!
You see here a +0 scale mail.
Things that are here:
a +0 sling; a +0 club
Found a hammer.
Found a runed translucent door.
No target in view!
Could not explore, unopened runed door.
You open the door.
Okay, then.
There is an open translucent door here.
Crazy Yiuf shouts!
Crazy Yiuf zaps a wand.
The puff of flame misses you. Crazy Yiuf barely misses you.
You hit Crazy Yiuf but do no damage.
Crazy Yiuf zaps a wand.
The puff of flame misses you.
You punch Crazy Yiuf!
Crazy Yiuf is moderately wounded.
Crazy Yiuf hits you with a +2 quarterstaff of chaos!
You are electrocuted!
You barely miss Crazy Yiuf.
Crazy Yiuf is moderately wounded.
Crazy Yiuf hits you but does no damage.
You are poisoned.
You hit Crazy Yiuf.
Crazy Yiuf is severely wounded.
You feel very sick.
Crazy Yiuf hits you with a +2 quarterstaff of chaos!
* * * LOW HITPOINT WARNING * * *
You feel yourself slow down. Crazy Yiuf freezes you.
You die...

#.# #.# #.# #.#.###
#.######.#########.#
#.....#
#..............†...#
#.#.#.#
####################
##..... ##.#.#
#######....#
########.#....#.###
#...##..#.......###
#gh.'.####.........
#)..### ##.^.....(
##### #########


You could see Crazy Yiuf.

Vanquished Creatures
  A scorpion (D:3)
  3 adders
  A ribbon worm (D:2)
  An orc (D:3)
  2 ball pythons (D:1)
  5 bats
  7 endoplasms
  3 giant cockroaches
  7 goblins
  5 hobgoblins
  4 jackals (D:1)
  7 quokkas
  3 kobolds
  14 rats
63 creatures vanquished.

Notes
Turn   | Place    | Note
-------+----------+-------------------------------------------
     0 | D:1      | MisterFreud the Draconian Shapeshifter began the quest for
                  | the Orb.
     0 | D:1      | Reached XP level 1. HP: 16/16 MP: 1/1
    39 | D:1      | Reached XP level 2. HP: 23/23 MP: 2/2
   366 | D:1      | Reached XP level 3. HP: 29/29 MP: 3/3
   867 | D:2      | Reached skill level 4 in Unarmed Combat
  1453 | D:3      | Reached XP level 4. HP: 36/36 MP: 4/4
  1531 | D:3      | Found Zosiac's Magic Scroll Boutique.
  1663 | D:3      | Found a stormy altar of Qazlal.
  1673 | D:3      | Noticed a scorpion
  1678 | D:3      | Killed a scorpion
  1679 | D:3      | Reached XP level 5. HP: 44/44 MP: 5/5
  2023 | D:3      | Found a sparkling altar of Nemelex Xobeh.
  2117 | D:3      | Found a runed translucent door.
  2118 | D:3      | Noticed Crazy Yiuf
  2128 | D:3      | Slain by Crazy Yiuf

Illustrated notes

Levels and vault maps discovered:
D:1:      psy_arrival_whirlpool, layout_basic, minivault_11,
          minmay_rat_gold_closets
D:2:      layout_loops_cross
D:3:      layout_loops_ring, lemuel_coloured_pillars_altar,
          nicolae_overflow_crystal_walls, serial_shops, nicolae_shop_trees,
          minmay_surrounded, uniq_crazy_yiuf_cottage

Skill      XL: |  1  2  3 |
---------------+----------+-----
Fighting       | 2 |  2.9
Unarmed Combat | 4 |  4.6
Dodging        | |  1.7
Shapeshifting  | |  3.7

Action                     |  1- 3 |  4- 6 || total
---------------------------+-------+-------++-------
  Melee: Unarmed           |   110 |    28 ||   138
         Tailslap          |    10 |     3 ||    13
         Punch             |     3 |     1 ||     4
    Use: Scroll            |     3 |       ||     3
   Stab: Sleeping          |     2 |       ||     2
 Armour: Skin              |    38 |    17 ||    55
  Dodge: Dodged            |    61 |    17 ||    78

Table legend: (Time is in decaauts)
 A = Elapsed time spent in this place.
 B = Non-inter-level travel time spent in this place.
 C = Inter-level travel time spent in this place.
 D = Time resting spent in this place.
 E = Time spent auto-exploring this place.
 F = Levels seen in this place.
 G = Mean time per level.
                   A        B        C        D        E       F      G
               +--------+--------+--------+--------+--------+-----+--------+
         Total |   2119 |   2096 |     23 |      0 |   1737 |   3 |  706.3 |
       Dungeon |   2119 |   2096 |     23 |      0 |   1737 |   3 |  706.3 |
               +--------+--------+--------+--------+--------+-----+--------+

Top non-repeatable levels by time:
     D:1: 751 daAuts
     D:3: 741 daAuts
     D:2: 626 daAuts
